 Dungeon Crawl Stone Soup version 0.13.1-2-gfb2c2b7 (webtiles) character file.

726 Lilouch the Skirmisher (level 7, 0/54 HPs)
             Began as a Demonspawn Chaos Knight on Dec 11, 2013.
             Was a Plaything of Xom.
             Slain by an orc
             ... wielding a -1,+0 orcish whip
              (3 damage)
             ... on Level 7 of the Dungeon.
             The game lasted 00:16:04 (3917 turns).

Lilouch the Skirmisher (Demonspawn Chaos Knight)    Turns: 3917, Time: 00:16:05

HP   0/54        AC 12     Str 14      XL: 7   Next: 17%
MP   7/7         EV 10     Int 18      God: Xom
Gold 129         SH  0     Dex 13      Spells:  0 memorised,  6 levels left

Res.Fire  : . . .   See Invis. : .   y - +0 spear (pierce)
Res.Cold  : . . .   Warding    : .   b - +2 leather armour
Life Prot.: . . .   Conserve   : .   (no shield)
Res.Poison: +       Res.Corr.  : .   K - +0 crested helmet
Res.Elec. : .       Clarity    : .   (no cloak)
Sust.Abil.: . .     Spirit.Shd : .   m - +0 pair of dwarf gloves
Res.Mut.  : .       Stasis     : .   (no boots)
Res.Rott. : .       Flight     : .   (no amulet)
Saprovore : . . .                    G - ring of flight
                                     k - ring of poison resistance

@: brilliant, somewhat resistant to hostile enchantments, very unstealthy
A: magic resistance 1, powered by death 1, powered by pain 2, AC +4
a: Renounce Religion, Evoke Flight


You were on level 7 of the Dungeon.
You worshipped Xom.
You were a plaything of Xom.
You were not hungry.

You visited 2 branches of the dungeon, and saw 6 of its levels.

You collected 109 gold pieces.

Inventory:

Hand weapons
 a - a cursed +0,+0 spear of chaos {=f}
 o - a +0,+0 spear
 p - a +0,+0 elven spear
 w - a cursed +0 blowgun
 y - a +0,+0 spear of piercing (weapon)
 B - a +0,+0 scythe of dragon slaying
Missiles
 g - 2 silver darts (quivered)
 s - 20 sling bullets
 x - 18 poisoned sling bullets
 z - 20 bolts
 A - 44 poisoned needles
 N - 6 javelins
Armour
 b - a +2 leather armour (worn)
 m - a +0 pair of dwarven gloves (worn)
 I - a +1 dwarven plate armour
 K - a +0 crested helmet (worn)
Magical devices
 t - a wand of frost (6) {unknown}
Comestibles
 c - a bread ration
 f - a meat ration
 h - 3 apples
 q - a snozzcumber
 F - a pear
 L - 2 chunks of worker ant flesh
 M - a chunk of bat flesh
Scrolls
 e - 5 scrolls of identify {unknown}
 i - 2 scrolls of enchant weapon I {unknown}
 j - a scroll of fear {unknown}
 l - 6 scrolls of remove curse {unknown}
 n - a scroll of teleportation {unknown}
 r - a scroll of noise {unknown}
 u - a scroll of enchant armour {unknown}
 v - a scroll of recharging {unknown}
 C - a scroll of amnesia {unknown}
 E - 3 scrolls of blinking {unknown}
Jewellery
 k - a ring of poison resistance (left hand)
 G - a ring of flight (right hand)
 O - an uncursed ring of ice


   Skills:
 + Level 5.8 Fighting
 + Level 4.5 Polearms
 * Level 4.2 Armour
 - Level 0.8 Dodging


You had 6 spell levels left.
You didn't know any spells.

Dungeon Overview and Level Annotations

Branches:
Dungeon (7/27)             Temple (1/1) D:4
    Orc: D:6-11

Altars:
Ashenzari
Makhleb
Nemelex Xobeh
Xom
Yredelemnul
the Shining One

Annotations:
D:7 xqwzts' ghost, experienced DEWz


Innate Abilities, Weirdness & Mutations

You are partially covered in iridescent scales (AC +4).
You can steal the life force of nearby defeated enemies.
You sometimes gain power by taking damage.
You are resistant to hostile enchantments.


Message History

The killer bee closely misses you. The orc hits you but does no damage.
The orc wizard casts a spell.
The orc wizard blinks!
The killer bee closely misses the shadow imp.
The killer bee barely misses you.
The killer bee closely misses the white imp.
The crimson imp blinks!
The orc wizard mumbles some strange words.
The orc wizard blinks!
The killer bee stings you.
* * * LOW HITPOINT WARNING * * *
The killer bee barely misses you. "Over there now!"
The killer bee blinks!
The orc blinks!
The killer bee stings you.
* * * LOW HITPOINT WARNING * * *
The killer bee stings you.
* * * LOW HITPOINT WARNING * * *
The orc hits you with an orcish whip.
You die...
Xom thinks this is hilarious!

......###5§.k........... ,,
,,, ......*
#.§....g§........,,,, ,
..... #....###5........ , ,
p...,..(%...#
#....%....,,,,, ,
,..,........###55.......,,,
,,,
,,.,...........§.o......,,
,,, , , *
...........o........ ,,,,,
,...._.....kk......., ,,,
***,, ........@........ ,,
,, , , ,,
.........o.......,,, , , ,,
, ....###........ , ,, ,,
,,,, ,....* #........, , ,
, , * ... * #........ ,,,,
, ,,* * , ,,,........, ,,,,
, ,, , ,** , , .......,,, ,
* , ,,,, ,,,, ...... , ,, ,
, , , , ,,,... , , ,, ,


You could see 2 killer bees, a white imp, a shadow imp and 3 orcs.

Vanquished Creatures
  Menkaure (D:4)
  An ogre (D:3)
  A phantom (D:4)
  An orc priest (D:3)
  An orc wizard (D:3)
  2 scorpions (D:4)
  A worker ant (D:4)
  2 adders (D:2)
  2 worms
  3 giant geckos
  An ooze (D:1)
  8 orcs (D:3)
  A ball python (D:1)
  5 bats
  7 hobgoblins
  2 jackals (D:4)
  10 kobolds
  2 quokkas
  6 giant cockroaches
  7 giant newts
  9 goblins
  17 rats
90 creatures vanquished.

Vanquished Creatures (collateral kills)
  Sigmund (D:3)
  A jackal (D:4)
2 creatures vanquished.

Vanquished Creatures (others)
  A killer bee (D:7)
  An adder (D:7)
2 creatures vanquished.

Grand Total: 94 creatures vanquished

Notes
Turn   | Place    | Note
--------------------------------------------------------------
     0 | D:1      | Lilouch, the Demonspawn Chaos Knight, began the quest for the Orb.
     0 | D:1      | Reached XP level 1. HP: 16/16 MP: 1/1
    50 | D:1      | XOM: potion effect (speed)
   117 | D:1      | Gained mutation: You are partially covered in iridescent scales (AC +4). [demonic ancestry]
   117 | D:1      | Reached XP level 2. HP: 22/22 MP: 2/2
   690 | D:2      | Gained mutation: You can steal the life force of nearby defeated enemies. [demonic ancestry]
   690 | D:2      | Reached XP level 3. HP: 26/28 MP: 3/3
   869 | D:2      | XOM: divination: detect items
   891 | D:2      | XOM: give mutation
   891 | D:2      | Gained mutation: You are resistant to hostile enchantments. [Xom's mischief]
  1101 | D:2      | Gained mutation: You sometimes gain a little power by taking damage. [demonic ancestry]
  1101 | D:2      | Reached XP level 4. HP: 26/34 MP: 4/4
  1357 | D:2      | XOM: medium Erth miscast
  1364 | D:2      | XOM: 1-stop teleportation journey
  1489 | D:3      | XOM: god gift: scroll labeled ITHAXYM BLUYVE
  1495 | D:3      | Noticed Sigmund
  1500 | D:3      | XOM: summons friendly shadow imp
  1510 | D:3      | Killed Sigmund
  1510 | D:3      | Reached skill level 4 in Fighting
  1587 | D:3      | XOM: polymorph shadow imp -> iron imp
  1837 | D:3      | Reached XP level 5. HP: 40/40 MP: 5/5
  2223 | D:3      | XOM: divination: detect creatures
  2282 | D:4      | Noticed Menkaure
  2282 | D:4      | Noticed an ogre
  2301 | D:3      | Killed an ogre
  2301 | D:3      | Gained mutation: You sometimes gain power by taking damage. [demonic ancestry]
  2301 | D:3      | Reached XP level 6. HP: 6/47 MP: 6/6
  2620 | D:3      | XOM: mild Conj miscast
  2965 | D:4      | Killed Menkaure
  2965 | D:4      | Reached skill level 5 in Fighting
  2981 | D:4      | XOM: mild Tloc miscast
  3092 | D:4      | Noticed a phantom
  3100 | D:4      | XOM: swap monsters
  3250 | D:4      | XOM: inner flame monster(s)
  3253 | D:4      | XOM: mild Fire miscast
  3264 | D:4      | XOM: summons friendly crimson imp
  3282 | D:4      | Killed a phantom
  3282 | D:4      | Reached XP level 7. HP: 43/53 MP: 7/7
  3414 | D:4      | Found a staircase to the Ecumenical Temple.
  3430 | Temple   | Entered the Ecumenical Temple
  3559 | D:4      | XOM: mild Erth miscast
  3886 | D:4      | XOM: scenery: create altars
  3893 | D:4      | You fall through a shaft!
  3893 | D:7      | Noticed xqwzts' ghost (experienced DEWz)
  3895 | D:7      | Found a glowing golden altar of the Shining One.
  3909 | D:7      | XOM: divination: magic mapping
  3911 | D:7      | HP: 2/54 [killer bee (1)]
  3917 | D:7      | XOM: blink monster(s)
  3917 | D:7      | Slain by an orc

Action                   |  1- 3 |  4- 6 |  7- 9 || total
-------------------------+-------+-------+-------++-------
Melee: Spear             |   202 |   205 |    77 ||   484
  Use: Potion            |       |       |     3 ||     3
 Stab: Paralysed         |     3 |       |       ||     3
       Sleeping          |     1 |       |       ||     1
       Distracted        |       |     1 |       ||     1
       Confused          |       |     2 |       ||     2
